 Dungeon Crawl Stone Soup version 0.31-a0-175-g9f7f995f2b (webtiles) character file.

Game seed: 5093089388640099061

275 qw the Chopper (level 6, 0/38 HPs)
             Began as a Gargoyle Fighter on June 16, 2023.
             Slain by a jelly (2 damage)
             ... on level 4 of the Dungeon.
             The game lasted 00:01:28 (3017 turns).

qw the Chopper (Gargoyle Fighter)                   Turns: 3017, Time: 00:01:28

Health: 0/38       AC:  7    Str: 21    XL:     6   Next: 25%
Magic:  6/6        EV:  7    Int:  9    God:
Gold:   163        SH:  4    Dex:  9    Spells: 5/5 levels left

rFire   . . .        Y - +1 broad axe (venom)
rCold   . . .        c - +0 buckler
rNeg    + . .        h - +0 chain mail
rPois   inf          g - +1 helmet
rElec   +            (no cloak)
rCorr   .            (no gloves)
SInv    .            (no boots)
Will    .....        e - amulet of regeneration Stlth
                     (no ring)
HPRegen 1.06/turn    (no ring)
MPRegen 0.10/turn

%: no passive effects
@: corroded
A: sickness immunity, AC +4, negative energy resistance 1, electricity
resistance, torment resistance 1, petrification resistance
a: no special abilities


You were on level 4 of the Dungeon.
You visited 1 branch of the dungeon, and saw 4 of its levels.

You collected 163 gold pieces.


Innate Abilities, Weirdness & Mutations

You are immune to sickness and miasma.
Your stone body is resilient. (AC +4)
You are immune to poison.
You resist negative energy. (rN+)
You are resistant to electric shocks. (rElec)
You are resistant to unholy torment.
You are immune to petrification.


   Skills:
 - Level 4.0 Fighting
 + Level 5.5 Axes
 - Level 3.2 Armour
 - Level 3.2 Shields


You had 5 spell levels left.
You didn't know any spells.
Your spell library was empty.

Inventory:

Hand Weapons
 l - a +0 flail
 Y - a +1 broad axe of venom (weapon)
Armour
 b - a scarf of repulsion
 c - a +0 buckler (worn)
 g - a +1 helmet (worn)
 h - a +0 chain mail (worn)
Jewellery
 e - an amulet of regeneration (around neck)
Scrolls
 a - a scroll of identify
Potions
 d - a potion of might
 f - a potion of curing {unknown}
 j - a potion of haste

Dungeon Overview and Level Annotations

Branches:
Dungeon (4/15)
 Temple: D:4-7

Altars:
Makhleb
Xom


Message History

You completely miss the scorpion.
The scorpion is almost dead.
You kill the scorpion!
You have reached level 6!
You now have 153 gold pieces (gained 3).
Found 4 stones.
You now have 163 gold pieces (gained 10).
b - a scarf of repulsion A ball python comes into view.
2997 ||| Stepping ~*~*~tactically~*~*~ (stealth).
The ball python hisses angrily.
You see here a smoky orange potion.
You slash the ball python!
You kill the ball python!
f - a smoky orange potion A jelly comes into view.
You hit the jelly.
Your hands burn!
The jelly is lightly wounded.
The jelly hits you but does no damage.
You hit the jelly but do no damage. The acid corrodes you!
Your hands burn!
The jelly is lightly wounded.
The jelly hits you but does no damage.
You barely miss the jelly.
The jelly is lightly wounded.
The jelly hits you. The acid corrodes you!
You are splashed with acid!
The jelly hits you but does no damage.
You hit the jelly but do no damage.
Your hands burn!
The jelly is lightly wounded.
The jelly hits you but does no damage.
You hit the jelly.
The jelly is poisoned.
Your hands burn!
The jelly is moderately wounded.
The jelly hits you but does no damage. The jelly hits you.
You are splashed with acid!
You hit the jelly but do no damage.
Your hands burn!
The jelly is heavily wounded.
The jelly hits you but does no damage.
You hit the jelly but do no damage.
Your hands burn!
The jelly is severely wounded.
The jelly hits you.
You die...

#........#..###.###.#
####........#......#....
............#......#.#.#
............#..(...#.#.#
....!............>.#.#.#
............#........#.#
............#......#...#
......J............#.#..
.......@...............#
####....................
#..............##.#.#
#.........##.####.#.#
########.#(.... ....#
#.#...####.### #....##
.. ....## ###.#


You could see a jelly (very poisoned).

Vanquished Creatures
  A scorpion (D:4)
  An orc wizard (D:3)
  Ijyb (D:3)
  Natasha (D:3)
  Robin (D:3)
  4 adders
  A worm (D:3)
  A dart slug (D:1)
  4 orcs (D:3)
  4 ball pythons
  7 bats
  7 endoplasms
  2 giant cockroaches
  10 hobgoblins
  7 jackals (D:1)
  6 kobolds
  3 quokkas
  3 frilled lizards
  12 goblins
  7 rats
83 creatures vanquished.

Notes
Turn   | Place    | Note
-------+----------+-------------------------------------------
     0 | D:1      | qw the Gargoyle Fighter began the quest for the Orb.
     0 | D:1      | Reached XP level 1. HP: 14/14 MP: 1/1
     0 | D:1      | 0 ||| qw: Version: 0.2-a-29-g511e9b1
     0 | D:1      | 0 ||| qw: Game counter: 5743
     0 | D:1      | 0 ||| qw: Always use a shield: true
     0 | D:1      | 0 ||| qw: God list: Okawaru
     0 | D:1      | 0 ||| qw: Allow faded altars: false
     0 | D:1      | 0 ||| qw: Do Orc after D:15 true
     0 | D:1      | 0 ||| qw: Do second Lair branch before Depths: true
     0 | D:1      | 0 ||| qw: Lair rune preference: random
     0 | D:1      | 0 ||| qw: Plans: Normal, Zot:1-4, Slime:5, God:TSO, Crypt,
                  | Tomb, Abyss, Pan, Hells, Win
     0 | D:1      | 0 ||| PLANNING D:1-11
    39 | D:1      | Reached skill level 2 in Axes
   254 | D:1      | Reached XP level 2. HP: 19/19 MP: 2/2
   454 | D:1      | 454 ||| Stepping ~*~*~tactically~*~*~ (stealth).
   462 | D:1      | Reached skill level 3 in Axes
   479 | D:1      | Reached XP level 3. HP: 20/23 MP: 3/3
   811 | D:1      | 811 ||| UPGRADING to +0 chain mail.
   821 | D:1      | 821 ||| DROPPING +0 scale mail.
   822 | D:1      | 822 ||| DROPPING ring of magical power.
   823 | D:1      | 823 ||| READING 3 scrolls labelled SIZEIZ INASU.
   824 | D:1      | 824 ||| READING scroll labelled FIEX QADEIL.
  1293 | D:2      | Reached XP level 4. HP: 28/28 MP: 4/4
  1577 | D:2      | Reached skill level 4 in Axes
  1684 | D:2      | 1684 ||| UPGRADING to amulet of regeneration.
  1689 | D:2      | 1689 ||| READING scroll labelled PISEABL ANOKK.
  1689 | D:2      | Identified a scroll of acquirement
  1689 | D:2      | 1689 ||| ACQUIRING +1 broad axe of venom
  1689 | D:2      | Acquired a +1 broad axe of venom
  1691 | D:2      | 1691 ||| UPGRADING to +1 broad axe of venom.
  1692 | D:2      | 1692 ||| DROPPING +0 war axe.
  1854 | D:3      | Noticed Ijyb
  1865 | D:3      | Killed Ijyb
  1894 | D:3      | Noticed Robin
  1921 | D:3      | Reached XP level 5. HP: 29/32 MP: 5/5
  1927 | D:3      | Killed Robin
  1931 | D:3      | 1931 ||| DROPPING +0 club.
  1955 | D:3      | Found a shimmering altar of Xom.
  1986 | D:3      | Noticed Natasha
  1992 | D:3      | Killed Natasha
  2206 | D:3      | 2206 ||| DROPPING +0 whip.
  2235 | D:3      | Reached skill level 5 in Axes
  2293 | D:3      | Found a burning altar of Makhleb.
  2922 | D:3      | 2922 ||| UPGRADING to +1 helmet.
  2927 | D:3      | 2927 ||| DROPPING +0 helmet.
  2928 | D:3      | 2928 ||| READING scroll labelled IRHUOCW UZXAECH.
  2929 | D:3      | 2929 ||| READING 3 scrolls of identify.
  2929 | D:3      | 2929 ||| IDENTIFYING red potion
  2930 | D:3      | 2930 ||| READING 2 scrolls of identify.
  2930 | D:3      | 2930 ||| IDENTIFYING grey potion
  2931 | D:3      | 2931 ||| DROPPING potion of brilliance.
  2973 | D:4      | Reached XP level 6. HP: 38/38 MP: 6/6
  2997 | D:4      | 2997 ||| Stepping ~*~*~tactically~*~*~ (stealth).
  3015 | D:4      | HP: 7/38 [acid (8)]
  3017 | D:4      | HP: 1/38 [acid (5)]
  3017 | D:4      | Slain by a jelly

Levels and vault maps discovered:
D:1:      eino_arrival_tree_alley, layout_basic
D:2:      layout_basic
D:3:      layout_basic, xom_teletrap_fun, mainiacjoe_overflow_small_starburst,
          chequers_serial_rivers_small_3, uniq_ijyb, uniq_natasha, uniq_robin
D:4:      layout_basic, kennysheep_mini_moat, mainiacjoe_overflow_paths,
          amcnicky_altar_gilded, hangedman_abyss_or_decor_stabs

Skill      XL: |  1  2  3  4  5 |
---------------+----------------+-----
Axes           | 2 3 4 5 |  5.5
Fighting       | 4 |  4.0
Armour         | |  3.2
Shields        | |  3.2

Action                     |  1- 3 |  4- 6 || total
---------------------------+-------+-------++-------
  Melee: War axe           |   128 |    14 ||   142
         Broad axe         |       |    96 ||    96
    Use: Scroll            |     2 |     4 ||     6
 Armour: Scale mail        |    62 |       ||    62
         Chain mail        |    23 |    82 ||   105
  Dodge: Dodged            |    56 |    35 ||    91
  Block: Buckler           |    33 |    25 ||    58

Table legend:
 A = Non-vault XP
 B = Vault XP
 C = Vault XP percentage of total XP
 D = Non-vault monster count
 E = Vault monster count
 F = Vault count percentage of total count
                 A         B        C        D         E       F
            +---------+---------+-------+---------+---------+-------
      Total |     287 |     107 |  27.2 |      69 |      14 |  16.9
            +---------+---------+-------+---------+---------+-------
        D:1 |      49 |       0 |   0.0 |      27 |       0 |   0.0
        D:2 |      53 |       0 |   0.0 |      19 |       0 |   0.0
        D:3 |     101 |     107 |  51.4 |      21 |      14 |  40.0
        D:4 |      84 |       0 |   0.0 |       2 |       0 |   0.0
            +---------+---------+-------+---------+---------+-------
